 Dungeon Crawl Stone Soup version 0.21-a0-348-ga060c75 (webtiles) character file.

92345 Hasart the Basher (level 15, -1/118 HPs)
             Began as a Mummy Fighter on Oct 6, 2017.
             Was an Initiate of Gozag.
             Slain by a tyrant leech (20 damage)
             ... on level 3 of the Swamp.
             The game lasted 01:23:26 (27567 turns).

Hasart the Basher (Mummy Fighter)                  Turns: 27567, Time: 01:23:26

Health: -1/118     AC:  9    Str: 28    XL:     15   Next: 57%
Magic:  0/30       EV: 20    Int: 11    God:    Gozag
Gold:   944        SH: 19    Dex: 16    Spells: 14/14 levels left

rFire    x . .     SeeInvis .   I - +4 demon whip (flame)
rCold    + . .     Gourm    .   d - +0 large shield
rNeg     + + +     Faith    .   r - +1 leather armour "Onanwaf" {Int+2 Slay+5}
rPois    ∞         Spirit   +   l - +1 hat {MR+}
rElec    .         Reflect  .   b - scarf {Spirit}
rCorr    .         Harm     .   i - +1 pair of gloves {Str+3}
MR       ++...                  f - +0 pair of boots
Stlth    ++........             m - amulet of regeneration
HPRegen  0.69/turn              s - ring of magical power
MPRegen  0.22/turn              P - +4 ring of slaying

@: agile, gold aura, flying, very slightly contaminated, invisible
A: no food or potions, fire vulnerability, cold resistance 1, negative energy
resistance 3, torment resistance, unbreathing, in touch with death 1
a: Potion Petition, Call Merchant, Bribe Branch, Renounce Religion


You were on level 3 of the Swamp.
You worshipped Gozag.
Gozag was pleased with you.
You were not hungry.

You visited 6 branches of the dungeon, and saw 27 of its levels.
You visited 1 bazaar.
You also visited: Labyrinth, Sewer and Ice Cave.

You collected 8274 gold pieces.
You spent 2039 gold pieces at shops.
You paid 5291 gold pieces to Gozag.

Inventory:

Hand Weapons
 p - a +1 demon blade of venom
 C - the +3 flail "Niugut" {crush, +Rage rElec Dex+2}
   (You found it in a labyrinth)

   It inflicts extra damage upon your enemies.
   It affects your dexterity (+2).
   It insulates you from electricity.
   It lets you go berserk.
 I - a +4 demon whip of flaming (weapon)
Armour
 b - a scarf of spirit shield (worn)
 d - a +0 large shield (worn)
 f - a +0 pair of boots (worn)
 i - a +1 pair of gloves of strength (worn)
 l - a +1 hat of magic resistance (worn)
 n - a +1 crystal plate armour of cold resistance
 r - the +1 leather armour "Onanwaf" (worn) {Int+2 Slay+5}
   (You bought it in a shop on level 6 of the Dungeon)

   It affects your intelligence (+2).
   It affects your accuracy and damage with ranged weapons and melee attacks
   (+5).
 u - the +0 pair of gloves of the Rose {+Fly rPois SInv}
   (You acquired it on level 2 of the Swamp)

   It protects you from poison.
   It lets you see invisible.
   It lets you fly.
 E - the +1 pair of gloves of Unreason {rPois Int+5}
   (You bought it in a shop on level 2 of the Lair of Beasts)

   It affects your intelligence (+5).
   It protects you from poison.
Jewellery
 m - an amulet of regeneration (around neck)
 s - a ring of magical power (left hand)
 P - a +4 ring of slaying (right hand)
Wands
 e - a wand of paralysis (0/24)
 h - a wand of iceblast (3/15)
 o - a wand of lightning (6/15)
 q - a wand of acid (7/15)
 t - a wand of iceblast (8/15)
 v - a wand of flame (20/48)
 y - a wand of digging (19/24)
 B - a wand of lightning (4/15)
 L - a wand of iceblast (8/15)
Scrolls
 a - 4 scrolls of magic mapping
 c - 6 scrolls of recharging
 g - 14 scrolls of identify
 j - 9 scrolls of remove curse
 k - 5 scrolls of teleportation
 w - a scroll of silence {unknown}
 F - 3 scrolls of fear


   Skills:
 + Level 11.1 Fighting
 * Level 14.4 Maces & Flails
 - Level 8.0 Armour
 + Level 9.0 Dodging
 + Level 9.4 Shields
 + Level 8.0 Evocations


You had 14 spell levels left.
You didn't know any spells.

Dungeon Overview and Level Annotations

Branches:
Dungeon (14/15)            Temple (1/1) D:5            Lair (6/6) D:11
  Swamp (3/4) Lair:3       Spider (1/4) Lair:2        Slime (0/5) Lair:5
    Orc (2/2) D:11            Elf (0/3) Orc:2        Vaults (0/5) D:14

Altars:
Ashenzari
Cheibriados
Elyvilon
Fedhas
Gozag
Makhleb
Nemelex Xobeh
Qazlal
Ru
Sif Muna
Trog
Vehumet
Xom
Yredelemnul
Jiyva

Shops:
D:6 [   D:8 %   D:12 (=}!   Lair:2 [**[(

Portals:
Trove: D:10 (show slimy rune of Zot)

Annotations:
Lair:4 Torious's ghost, journeyman DECj
Orc:2 Gremour's ghost, journeyman GnFi; zero's ghost, journeyman MiBe


Innate Abilities, Weirdness & Mutations

You do not eat or drink.
Your flesh is vulnerable to fire.
You are immune to poison.
Your flesh is cold resistant. (rC+)
You are immune to negative energy. (rN+++)
You are immune to unholy pain and torment.
You can survive without breathing.
You are in touch with the powers of death.


Message History

You block the vampire mosquito's attack.
The swamp worm closely misses you. The tyrant leech completely misses you.
You block the six-headed hydra's attack. x3
The six-headed hydra closely misses you.
The six-headed hydra bites you!
* * * LOW HITPOINT WARNING * * *
You block the six-headed hydra's attack.
You block the vampire mosquito's attack.
The swamp worm completely misses you.
You are very lightly contaminated with residual magic.
Unknown command.
Unknown command.
Unknown command.
You thrash the six-headed hydra!! You burn the six-headed hydra.
You kill the six-headed hydra!
Your Evocations skill increases to level 8!
You block the vampire mosquito's attack.
The tyrant leech bites you!!
You die...
Your body crumbles into a pile of gold.

♣♣♣♣♣♣♣≈..≈...≈...≈.♣
♣♣...♣≈≈..≈.♣.♣.♣.♣.≈.
♣≈≈≈.≈...≈...♣♣♣♣♣...≈
♣....≈..≈.♣.♣..♣..♣.♣.
♣♣......≈..♣.......♣..
♣..♣♣♣≈≈.♣♣..P♣P..♣♣.
♣♣♣♣♣♣♣.≈.♣♣.♣♣♣.♣♣.≈
♣♣$≈≈.♣♣ .P P. ♣♣. ♣
♣@y.≈..♣.. .. ♣.. ♣.
♣ww.≈.♣)♣..♣ ≈.. ≈..
♣♣♣♣≈...≈...♣ .≈..♣♣
♣♣..♣≈≈.≈.≈.♣.♣
?....≈♣♣♣♣>>...≈.)..≈...≈
....≈≈.♣≈§≈≈w≈≈≈.....≈≈≈.≈
....≈≈.§$$...≈≈≈≈≈§≈..♣....
♣♣♣♣♣♣♣≈♣♣≈≈≈.≈≈≈≈≈.>.....♣
♣≈♣♣.♣.≈≈≈≈≈≈......≈


You could see a tyrant leech, a swamp worm and a vampire mosquito.

Vanquished Creatures
  Gastronok (D:10)
  A blizzard demon (IceCv)
  A minotaur (Lab)
  14 hydras
  5 death yaks (Lair:6)
  3 catoblepae (Lair:6)
  2 centaur warriors
  9 two-headed ogres
  8 alligators
  Nergalle (Lair:2)
  2 spriggan druids (Swamp:2)
  4 swamp dragons
  Pikel (D:7)
  A lindwurm (Lair:6)
  An orc sorcerer (Orc:1)
  4 manticores
  2 ugly things
  An orb spider (Lair:2)
  2 cyclopes
  7 slime creatures
  2 ice statues (IceCv)
  A torpor snail (Lair:6)
  10 elephants
  2 gargoyles
  16 spiny frogs
  2 centaur skeletons
  7 komodo dragons
  An efreet (D:8)
  3 freezing wraiths (Swamp:2)
  A redback zombie (D:13)
  14 ice devils (IceCv)
  3 trolls
  5 tyrant leeches
  3 polar bears
  Grinder (D:5)
  6 bog bodies
  3 hornets (Swamp:2)
  9 blink frogs (Lair:6)
  8 hippogriffs
  4 dream sheep (Lair:6)
  A tarantella (Lair:2)
  A shadow (Lab)
  A vampire (D:13)
  5 spriggans (Swamp:2)
  2 wyverns
  A human (D:10)
  63 yaks
  3 hogs (D:10)
  2 hungry ghosts
  3 basilisks
  Edmund (D:6)
  A warg (Orc:1)
  11 vampire mosquitoes
  5 insubstantial wisps (Swamp:2)
  10 swamp worms
  10 water moccasins
  5 swamp drakes
  3 eyes of draining
  4 porcupines
  4 sky beasts
  13 orc warriors
  5 ice beasts
  2 phantoms
  2 black bears
  7 ogres
  12 wolves
  5 centaurs
  10 crocodiles
  5 big kobolds
  17 bullfrogs
  A wyvern zombie (D:11)
  A wyvern skeleton (D:13)
  A water moccasin zombie (D:8)
  10 scorpions
  5 killer bees
  A spriggan skeleton (Lab)
  19 wights
  2 electric eels (Lair:2)
  5 crimson imps
  8 howler monkeys
  3 bullfrog zombies
  2 centaur zombies
  6 jellies
  3 quasits
  10 hounds
  7 orc priests
  20 orc wizards
  A bullfrog skeleton (D:6)
  5 iguanas
  13 worker ants
  An ogre skeleton (Lab)
  3 hound zombies
  3 hound skeletons
  A worker ant zombie (D:8)
  3 gnolls (D:2)
  A howler monkey skeleton (D:11)
  11 adders
  3 shadow imps
  6 white imps (IceCv)
  4 ufetubi (IceCv)
  5 oozes
  An adder skeleton (D:5)
  4 worms
  A dart slug (D:4)
  10 leopard geckos
  68 orcs
  7 bats
  3 giant cockroaches (D:3)
  6 goblins
  7 hobgoblins
  8 jackals
  2 quokkas
  A ball python (D:3)
  6 frilled lizards
  A jackal skeleton (D:4)
  30 kobolds
  A quokka skeleton (D:4)
  A quokka zombie (D:5)
  18 rats
724 creatures vanquished.

Vanquished Creatures (others)
  A slave (D:7)
  A hound (D:7)
  2 orc wizards (D:7)
  4 gnolls (D:7)
  2 white imps (IceCv)
  5 ufetubi (IceCv)
  A kobold (D:7)
  A quokka zombie (D:8)
  5 fungi
  4 plants
26 creatures vanquished.

Grand Total: 750 creatures vanquished

Notes
Turn   | Place    | Note
-------+----------+-------------------------------------------
     0 | D:1      | Hasart the Mummy Fighter began the quest for the Orb.
     0 | D:1      | Reached XP level 1. HP: 18/18 MP: 1/1
   163 | D:1      | Reached skill level 2 in Maces & Flails
   272 | D:1      | Reached XP level 2. HP: 21/24 MP: 2/2
   875 | D:2      | Reached XP level 3. HP: 27/29 MP: 3/3
   957 | D:2      | Reached skill level 3 in Maces & Flails
  1207 | D:2      | Reached XP level 4. HP: 26/35 MP: 4/4
  1860 | D:2      | Found a burning altar of Makhleb.
  1860 | D:2      | Noticed a blizzard demon
  2254 | D:3      | Reached skill level 4 in Maces & Flails
  2928 | D:4      | Reached XP level 5. HP: 34/41 MP: 5/5
  3186 | D:4      | Noticed a phantom
  3217 | D:4      | Killed a phantom
  3217 | D:4      | Reached skill level 5 in Maces & Flails
  3217 | D:4      | Reached XP level 6. HP: 47/47 MP: 6/6
  3235 | D:4      | Found a basalt altar of Yredelemnul.
  3312 | D:4      | Noticed Grinder
  3319 | D:4      | Paralysed by Grinder for 2 turns
  3324 | D:4      | You fall through a shaft!
  3324 | D:5      | Entered Level 5 of the Dungeon
  3507 | D:5      | Found a glowing drain.
  3531 | Sewer    | Entered a sewer
  3639 | Sewer    | Reached skill level 6 in Maces & Flails
  3876 | Sewer    | Found a glowing silver altar of Zin.
  3982 | D:5      | Found a sparkling altar of Nemelex Xobeh.
  3985 | D:5      | Found a bloodstained altar of Trog.
  4083 | D:5      | Reached XP level 7. HP: 19/52 MP: 7/7
  4293 | D:5      | Found a staircase to the Ecumenical Temple.
  4345 | Temple   | Entered the Ecumenical Temple
  4402 | Temple   | Became a worshipper of Gozag Ym Sagoz the Greedy
  4834 | D:5      | Paralysed by Grinder for 7 turns
  4869 | D:6      | Reached skill level 7 in Maces & Flails
  5423 | D:6      | Found Miosk's Armour Shoppe.
  5496 | D:6      | Reached skill level 8 in Maces & Flails
  5496 | D:6      | Reached XP level 8. HP: 58/58 MP: 8/8
  5674 | D:6      | Noticed Edmund
  5714 | D:4      | Found a shattered altar of Ashenzari.
  6027 | D:4      | Found a white marble altar of Elyvilon.
  6147 | D:5      | Killed Grinder
  6147 | D:5      | Reached skill level 1 in Dodging
  6147 | D:5      | Reached skill level 1 in Evocations
  6364 | D:6      | Killed Edmund
  6614 | D:6      | Found a deep blue altar of Sif Muna.
  6680 | D:6      | Found a sparkling altar of Nemelex Xobeh.
  6844 | D:7      | Noticed Pikel
  6867 | D:7      | Killed Pikel
  6867 | D:7      | Reached XP level 9. HP: 10/65 MP: 0/10
  7250 | D:7      | Reached skill level 9 in Maces & Flails
  8095 | D:7      | Reached skill level 5 in Fighting
  8256 | D:8      | Reached XP level 10. HP: 71/74 MP: 12/12
  8401 | D:6      | Bought the +1 leather armour "Onanwaf" {Int+2 Slay+5} for 548 gold pieces
  8711 | D:8      | Found Dechet's Food Emporium.
  8711 | D:8      | Noticed a two-headed ogre
  8723 | D:8      | Killed a two-headed ogre
  9506 | D:8      | Noticed a two-headed ogre
  9558 | D:8      | Killed a two-headed ogre
  9558 | D:8      | Reached skill level 10 in Maces & Flails
 10231 | D:9      | Noticed a two-headed ogre
 10232 | D:9      | Found a shimmering altar of Xom.
 10251 | D:9      | Killed a two-headed ogre
 10251 | D:9      | Reached skill level 5 in Armour
 10251 | D:9      | Reached skill level 5 in Shields
 10517 | D:9      | Reached XP level 11. HP: 73/81 MP: 1/14
 10700 | D:9      | Noticed a two-headed ogre
 10711 | D:9      | Killed a two-headed ogre
 11042 | D:9      | Noticed a two-headed ogre
 11050 | D:9      | Killed a two-headed ogre
 11189 | D:10     | Entered Level 10 of the Dungeon
 11286 | D:10     | Found a portal to a secret trove of treasure.
 11666 | D:10     | Noticed Gastronok
 11711 | D:10     | Killed Gastronok
 11711 | D:10     | Reached skill level 5 in Dodging
 11711 | D:10     | Reached skill level 5 in Evocations
 12037 | D:10     | Noticed a two-headed ogre
 12047 | D:10     | Killed a two-headed ogre
 12047 | D:10     | Reached skill level 11 in Maces & Flails
 12120 | D:10     | Found a blossoming altar of Fedhas.
 12833 | D:11     | Noticed a centaur warrior
 12846 | D:11     | Killed a centaur warrior
 12846 | D:11     | Reached XP level 12. HP: 56/91 MP: 16/16
 13145 | D:11     | Found a staircase to the Lair.
 13154 | Lair:1   | Entered Level 1 of the Lair of Beasts
 13457 | Lair:1   | Noticed a seven-headed hydra
 13464 | Lair:1   | Killed a seven-headed hydra
 14423 | Lair:2   | Noticed a six-headed hydra
 14432 | Lair:2   | Killed a six-headed hydra
 14544 | Lair:2   | Noticed Nergalle
 14556 | Lair:2   | Killed Nergalle
 15098 | D:11     | Found a staircase to the Orcish Mines.
 15392 | Orc:1    | Entered Level 1 of the Orcish Mines
 15405 | Orc:1    | Paralysed by an orc sorcerer for 6 turns
 15481 | Orc:2    | Entered Level 2 of the Orcish Mines
 15601 | Orc:2    | Found a labyrinth entrance.
 15608 | Lab      | Entered a labyrinth
 15765 | Lab      | Noticed a minotaur
 15781 | Lab      | Killed a minotaur
 15854 | Lab      | Got a jewelled flail
 15855 | Lab      | Identified the +3 flail "Niugut" {crush, +Rage rElec Dex+2} (You found it in a labyrinth)
 16148 | Orc:2    | Noticed Gremour's ghost (journeyman GnFi)
 16598 | Orc:2    | Found a burning altar of Makhleb.
 16663 | Orc:2    | Found a staircase to the Elven Halls.
 16674 | Orc:2    | Noticed zero's ghost (journeyman MiBe)
 16829 | Lair:3   | Reached skill level 12 in Maces & Flails
 16829 | Lair:3   | Gained mutation: You are in touch with the powers of death. [Mummy growth]
 16829 | Lair:3   | Reached XP level 13. HP: 78/99 MP: 17/17
 17583 | Lair:3   | Found a staircase to the Swamp.
 18230 | Lair:4   | Noticed Torious's ghost (journeyman DECj)
 18462 | Lair:2   | Bought a pair of translucent gloves for 304 gold pieces
 18467 | Lair:2   | Identified the +1 pair of gloves of Unreason {rPois Int+5} (You bought it in a shop on level 2 of the Lair of Beasts)
 18677 | Lair:2   | Found a hole to the Spider Nest.
 19446 | D:12     | Found Erghownui's Distillery.
 19455 | D:12     | Found Weojadel's Gadget Shop.
 19480 | D:12     | Found a flickering gateway to a bazaar.
 19506 | D:12     | Found Fumosh's Jewellery Shop.
 19608 | Bazaar   | Entered a bazaar
 19608 | Bazaar   | Found Uhilois's Antique Weapon Shop.
 19608 | Bazaar   | Found Jonaecai's General Store.
 19654 | Bazaar   | Found Cestok's Antique Armour Shop.
 19676 | Bazaar   | Bought an ancient chain mail for 275 gold pieces
 19676 | Bazaar   | Bought a shimmering chain mail for 275 gold pieces
 19676 | Bazaar   | Identified the +2 chain mail of the Arcane {Str-2 Int+3 Stlth+} (You bought it in a shop in a bazaar)
 19677 | Bazaar   | Identified the +5 chain mail of the Ladybird {Str+2} (You bought it in a shop in a bazaar)
 19964 | D:12     | Found Husiecy's Weapon Boutique.
 20760 | D:13     | Reached XP level 14. HP: 97/108 MP: 18/18
 20797 | D:14     | Reached skill level 13 in Maces & Flails
 20902 | D:14     | Found a gate to the Vaults.
 22007 | Lair:5   | Found a viscous altar of Jiyva.
 22007 | Lair:5   | Found a staircase to the Slime Pits.
 22098 | Lair:6   | Entered Level 6 of the Lair of Beasts
 22254 | Lair:6   | Identified the Volume of Damaging Fire
 22735 | Lair:6   | Reached skill level 10 in Fighting
 23737 | Lair:6   | Identified the Papyrus of Enthralling Transmutation
 23801 | Lair:6   | Got a shimmering ring mail
 23804 | Lair:6   | Identified the +1 ring mail "Loqevorch" {Int+4} (You found it on level 6 of the Lair of Beasts)
 23988 | Lair:2   | Bought a +4 demon whip of flaming for 637 gold pieces
 24071 | Spider:1 | Entered Level 1 of the Spider Nest
 24185 | Swamp:1  | Entered Level 1 of the Swamp
 25085 | Swamp:1  | Reached XP level 15. HP: 97/117 MP: 20/20
 25263 | Swamp:1  | Reached skill level 14 in Maces & Flails
 25490 | Swamp:2  | Found a frozen archway.
 25534 | IceCv    | Entered an ice cave
 26817 | Swamp:2  | Identified a scroll of acquirement
 26818 | Swamp:2  | Got a pair of warped gloves
 26819 | Swamp:2  | Identified the +0 pair of gloves of the Rose {+Fly rPois SInv} (You acquired it on level 2 of the Swamp)
 27567 | Swamp:3  | Slain by a tyrant leech

Vault maps used:
D:1:      lemuel_arrival_broad_hall
D:2:      first_bread, makhleb_altar_promises_db
D:4:      kennysheep_ying_yang, cheibrodos_ashenzari_chains, uniq_grinder
D:5:      minitemple, minmay_temple_entry_enclosed_plants,
          gup_sewer_entry_spiral
D:6:      led_sif_pool, serial_shops, shop, nemelex_spade_bored_becter,
          uniq_edmund
D:7:      uniq_pikel
D:8:      hangedman_cross_stitches, serial_shops, nicolae_shop_trees
D:9:      xom_teletrap_fun
D:10:     enter_trove_2, grunt_livestock, fedhas_altar_2, uniq_gastronok
D:11:     david_lair_generic
D:12:     serial_shops, bzr_entry_water, shop, nicolae_shop_crystal,
          nicolae_shop_waterfront, kennysheep_little_box
D:14:     minmay_four_partial_circles, einodemon_crawler_minivault, uniq_azrael
Temple:   nicolae_temple_elliptical
Lair:2:   nicolae_spider_entry_orb_guardian, infiniplex_staircase_pool,
          lemuel_fruit_fields, serial_bayou_shore_a, uniq_nergalle
Lair:3:   swamp_mist
Lair:5:   dpeg_slime_entry_enclosed_altar
Lair:6:   evilmike_catoblepas_cave, infiniplex_staircase_pool_2,
          grunt_megastairs_5
Swamp:1:  evilmike_swamp_ruin_house_5
Swamp:2:  portal_ice_cave_entry_frozen_things, evilmike_swamp_ruin_wall
Swamp:3:  evilmike_swamp_ruin_rubble_2, swamp_pool1,
          nicolae_swamp_round_clearing, hangedman_swamp_pad,
          nicolae_swamp_necromancer_hut, uniq_donald
Spider:1: zaba_anthell, uniq_rupert
Orc:2:    st_orc_town, lab_entry_generic, basic_altar
Lab:      labyrinth_mini_lab, nicolae_lab_plus, nicolae_lab_t_cross,
          lab_fountain, nicolae_lab_lava, nicolae_lab_quarters
Bazaar:   bazaar_jpeg_cross
Sewer:    sewer_kobolds
IceCv:    ice_cave_small_demon

Skill      XL: |  1  2  3  4  5  6  7  8  9 10 11 12 13 14 15 |
---------------+----------------------------------------------+-----
Maces & Flails | 2 3 4 5 6 8 9 10 11 12 13 14 | 14.4
Dodging        | 2 3 4 5 6 7 8 9 |  9.0
Evocations     | 2 3 4 5 6 7 8 |  8.0
Armour         | 3 4 5 6 7 8 |  8.0
Shields        | 3 4 5 6 8 9 |  9.4
Fighting       | 4 5 6 7 8 9 10 11 | 11.1

Action                   |  1- 3 |  4- 6 |  7- 9 | 10-12 | 13-15 || total
-------------------------+-------+-------+-------+-------+-------++-------
Melee: Flail             |   155 |   169 |   314 |   801 |   869 ||  2308
       Mace              |       |   165 |    21 |       |       ||   186
       Dire flail        |       |       |    96 |       |       ||    96
       Whip              |       |       |    48 |       |       ||    48
       Demon whip        |       |       |       |       |   441 ||   441
Invok: Potion Petition   |       |       |     2 |       |     2 ||     4
       Call Merchant     |       |       |       |     2 |     3 ||     5
Evoke: Wand              |       |       |     1 |    20 |     7 ||    28
  Use: Scroll            |       |     6 |     4 |     8 |    19 ||    37
 Stab: Paralysed         |       |       |     3 |    14 |     3 ||    20
       Distracted        |       |       |     1 |     5 |     5 ||    11
       Confused          |       |       |       |       |     1 ||     1
Armor: Scale mail        |    61 |   142 |    16 |       |       ||   219
       Plate armour      |       |       |   224 |    21 |       ||   245
       Leather armour    |       |       |       |   112 |   215 ||   327
Dodge: Dodged            |    38 |    61 |    64 |   172 |   362 ||   697
Block: Shield            |    13 |       |       |       |       ||    13
       Large shield      |   100 |   266 |   302 |   489 |   914 ||  2071

Table legend:
 A = Spawn XP
 B = Non-spawn XP
 C = Spawn XP percentage of total XP
 D = Spawn monster count
 E = Non-spawn monster count
 F = Spawn count percentage of total count
 G = Total turns spent on level
                    A         B        C        D         E        F      G
               +---------+---------+-------+---------+---------+-------+---------
         Total |       0 |  131922 |   0.0 |       0 |     724 |   0.0 | 27567
               +---------+---------+-------+---------+---------+-------+---------
           D:1 |       0 |      39 |   0.0 |       0 |      23 |   0.0 |   809
           D:2 |       0 |      91 |   0.0 |       0 |      23 |   0.0 |  1294
           D:3 |       0 |      56 |   0.0 |       0 |      20 |   0.0 |   814
           D:4 |       0 |     391 |   0.0 |       0 |      15 |   0.0 |   792
           D:5 |       0 |     672 |   0.0 |       0 |      22 |   0.0 |  1229
           D:6 |       0 |    1347 |   0.0 |       0 |      27 |   0.0 |  1792
           D:7 |       0 |    2507 |   0.0 |       0 |      38 |   0.0 |  1135
           D:8 |       0 |    4281 |   0.0 |       0 |      50 |   0.0 |  1917
           D:9 |       0 |    3974 |   0.0 |       0 |      20 |   0.0 |  1115
          D:10 |       0 |    7802 |   0.0 |       0 |      56 |   0.0 |  1374
          D:11 |       0 |    5492 |   0.0 |       0 |      35 |   0.0 |  1130
          D:12 |       0 |    4074 |   0.0 |       0 |      20 |   0.0 |   485
          D:13 |       0 |    8640 |   0.0 |       0 |      39 |   0.0 |   908
          D:14 |       0 |     768 |   0.0 |       0 |       3 |   0.0 |   163
        Lair:1 |       0 |    3558 |   0.0 |       0 |      14 |   0.0 |  1182
        Lair:2 |       0 |    9663 |   0.0 |       0 |      39 |   0.0 |  1836
        Lair:3 |       0 |    6433 |   0.0 |       0 |      21 |   0.0 |   849
        Lair:4 |       0 |    3222 |   0.0 |       0 |      15 |   0.0 |   795
        Lair:5 |       0 |    2481 |   0.0 |       0 |      11 |   0.0 |   817
        Lair:6 |       0 |   23099 |   0.0 |       0 |      67 |   0.0 |  1758
       Swamp:1 |       0 |   13631 |   0.0 |       0 |      36 |   0.0 |  1152
       Swamp:2 |       0 |   15376 |   0.0 |       0 |      38 |   0.0 |  1052
       Swamp:3 |       0 |    3877 |   0.0 |       0 |       7 |   0.0 |   127
         Orc:1 |       0 |    1895 |   0.0 |       0 |      24 |   0.0 |   619
         Orc:2 |       0 |     626 |   0.0 |       0 |      20 |   0.0 |   519
           Lab |       0 |    1363 |   0.0 |       0 |       4 |   0.0 |   286
         Sewer |       0 |     108 |   0.0 |       0 |      10 |   0.0 |   384
         IceCv |       0 |    6456 |   0.0 |       0 |      27 |   0.0 |  1051
               +---------+---------+-------+---------+---------+-------+---------
